 Dungeon Crawl Stone Soup version 0.28-a0-1128-gb845255321 (webtiles) character file.

Game seed: 3918966715227760593

1893 sdkvhb the Covert (level 8, -4/36 HPs)
             Began as a Spriggan Enchanter on Dec 12, 2021.
             Was an Initiate of Dithmenos.
             Slain by a wyvern skeleton (6 damage)
             ... on level 7 of the Dungeon.
             The game lasted 00:15:29 (9602 turns).

sdkvhb the Covert (Spriggan Enchanter)              Turns: 9602, Time: 00:15:29

Health: -4/36      AC: 15    Str:  6    XL:     8   Next: 93%
Magic:  20/22      EV: 17    Int: 16    God:    Dithmenos [......]
Gold:   430        SH:  0    Dex: 16    Spells: 17/25 levels left

rFire   . . .      SeeInvis +   i - +1 dagger (protect)
rCold   . . .      Faith    .   (shield restricted)
rNeg    . . .      Spirit   .   b - +0 robe
rPois   +          Reflect  .   (helmet restricted)
rElec   .          Harm     .   f - +1 cloak {rPois}
rCorr   .          Rampage  .   (gloves unavailable)
Will    +....                   (boots unavailable)
Stlth   ++++......              n - amulet of the acrobat
HPRegen 0.12/turn               e - +4 ring of protection
MPRegen 0.18/turn               (no ring)

@: under a protective aura, studying Transmutations, very quick
A: very small, no large weapons, unfitting armour, see invisible, speed 3
a: Renounce Religion


You were on level 7 of the Dungeon.
You worshipped Dithmenos.
Dithmenos was noncommittal.
You visited 2 branches of the dungeon, and saw 8 of its levels.

You collected 442 gold pieces.
You spent 12 gold pieces at shops.

Inventory:

Hand Weapons
 a - a +1 dagger
 i - a +1 dagger of protection (weapon)
Missiles
 l - 11 poisoned darts (quivered)
 w - a curare-tipped dart
Armour
 b - a +0 robe (worn)
 f - a +1 cloak of poison resistance (worn)
Jewellery
 e - a +4 ring of protection (left hand)
 n - an amulet of the acrobat (around neck)
Wands
 p - a wand of charming (14)
 q - a wand of iceblast (2)
 v - a wand of paralysis (12)
 x - a wand of acid (4)
Scrolls
 g - 3 scrolls of amnesia
 h - 2 scrolls of summoning
 u - a scroll of fear
Potions
 c - a potion of invisibility
 d - 4 potions of flight
 j - a potion of ambrosia
 k - a potion of degeneration {unknown}
 m - a potion of cancellation {unknown}
 o - a potion of haste {unknown}
 r - a potion of curing
 s - a potion of heal wounds {unknown}
 t - a potion of lignification {unknown}


   Skills:
 - Level 1.1 Short Blades
 - Level 2.6 Dodging
 + Level 9.9 Stealth
 - Level 9.0 Spellcasting
 - Level 9.3 Hexes


You had 17 spell levels left.
You knew the following spells:

 Your Spells              Type           Power      Damage    Failure   Level
a - Ensorcelled Hibernat  Hex/Ice        44%        N/A       2%          2
b - Tukima's Dance        Hex            37%        N/A       1%          3
c - Dazzling Flash        Conj/Hex       44%        N/A       4%          3

Your spell library contained the following spells:

 Spells                   Type           Power      Damage    Failure   Level
 Confusing Touch          Hex            37%        N/A       1%          3
 Passwall                 Tmut/Erth      5%         N/A       16%         2
 Stone Arrow              Conj/Erth      14%        3d7       30%         3
 Swiftness                Air            7%         N/A       30%         3
 Animate Armour           Summ/Erth      14%        N/A       69%         4
 Lehudib's Crystal Spear  Conj/Erth      3%         10d3      100%        8


Dungeon Overview and Level Annotations

Branches:
Dungeon (7/15)             Temple (1/1) D:7

Altars:
Dithmenos
Gozag
Hepliaklqana
Nemelex Xobeh
Qazlal
Ru
Vehumet

Shops:
D:1 *   D:7 *


Innate Abilities, Weirdness & Mutations

You are very small and have problems with some larger weapons.
You are too small for most types of armour.
You have supernaturally acute eyesight. (SInv)
You cover ground extremely quickly. (Speed+++)


Message History

The wyvern skeleton bites you.
The wyvern skeleton bites you but does no damage.
You hit the wyvern skeleton.
The wyvern skeleton is moderately damaged.
The wyvern skeleton misses you.
You hit the wyvern skeleton but do no damage.
The wyvern skeleton is moderately damaged.
The wyvern skeleton barely misses you.
You hit the wyvern skeleton.
The wyvern skeleton is heavily damaged.
The wyvern skeleton bites you but does no damage.
The wyvern skeleton misses you.
You hit the wyvern skeleton.
The wyvern skeleton is heavily damaged.
The wyvern skeleton completely misses you.
You hit the wyvern skeleton.
The wyvern skeleton is heavily damaged.
The wyvern skeleton bites you!
* * * LOW HITPOINT WARNING * * *
You are too injured to fight recklessly!
You are too injured to fight recklessly!
You are too injured to fight recklessly!
You are too injured to fight recklessly!
You are too injured to fight recklessly!
You are too injured to fight recklessly!
You are too injured to fight recklessly!
You are too injured to fight recklessly!
You are too injured to fight recklessly!
You are too injured to fight recklessly!
You hit the wyvern skeleton.
The wyvern skeleton is heavily damaged.
The wyvern skeleton bites you!
* * * LOW HITPOINT WARNING * * *
You hit the wyvern skeleton.
The wyvern skeleton is severely damaged.
The wyvern skeleton barely misses you.
You hit the wyvern skeleton.
The wyvern skeleton is severely damaged.
The wyvern skeleton misses you. The wyvern skeleton bites you.
You die...

#..#.##..#..8..#....
.#..#.#............##
....#...#..........#.
.....................#.
#......#..#............
.....##..#..............
...............#........
...).#######.....######.
......Z@†.##...#########
.....####.†.............
... #####......###.. .
..............
#..........#..
#.......#.# #.....#...#
#...[.##... #.....###.#.


You could see a wyvern skeleton.

Vanquished Creatures
  A water moccasin (D:5)
  A sky beast (D:7)
  An orc warrior (D:7)
  A centaur (D:5)
  2 phantoms
  A kobold brigand (D:7)
  A bullfrog (D:7)
  A scorpion (D:6)
  A wyvern skeleton (D:6)
  5 killer bees (D:7)
  A water moccasin skeleton (D:6)
  3 orc priests
  2 centaur skeletons (D:7)
  A gnoll shaman (D:6)
  Crazy Yiuf (D:4)
  3 hounds
  2 bullfrog skeletons
  2 iguanas (D:5)
  3 orc wizards
  2 killer bee zombies
  10 gnolls
  6 adders
  2 white imps
  An ufetubus (D:6)
  A worm (D:2)
  4 dart slugs
  8 orcs
  4 endoplasms
  3 giant cockroaches
  5 goblins
  7 hobgoblins
  5 jackals (D:2)
  7 kobolds
  3 quokkas (D:2)
  3 ball pythons
  A bat (D:2)
  2 frilled lizards
  5 rats
112 creatures vanquished.

Vanquished Creatures (collateral kills)
  An ogre (D:5)
  2 gnolls (D:2)
3 creatures vanquished.

Vanquished Creatures (others)
  A dancing weapon (D:2)
  2 plants (D:7)
3 creatures vanquished.

Grand Total: 118 creatures vanquished

Notes
Turn   | Place    | Note
-------+----------+-------------------------------------------
     0 | D:1      | sdkvhb the Spriggan Enchanter began the quest for the Orb.
     0 | D:1      | Reached XP level 1. HP: 9/9 MP: 5/5
   156 | D:1      | Identified a scroll of acquirement
   156 | D:1      | Acquired a +1 cloak of poison resistance
   199 | D:1      | Reached XP level 2. HP: 9/13 MP: 7/7
   202 | D:1      | Learned a level 2 spell: Ensorcelled Hibernation
   421 | D:1      | Found Beinazo's General Store.
   605 | D:1      | Bought a scroll of noise for 12 gold pieces
  1260 | D:2      | Reached XP level 3. HP: 16/16 MP: 6/9
  1266 | D:2      | Learned a level 3 spell: Tukima's Dance
  1270 | D:2      | Learned a level 3 spell: Dazzling Flash
  1894 | D:2      | Found a faded altar of an unknown god.
  2117 | D:2      | Reached skill level 5 in Hexes
  2117 | D:2      | Reached XP level 4. HP: 21/21 MP: 4/11
  3291 | D:3      | Found a hazy altar of Hepliaklqana.
  3605 | D:4      | Reached skill level 5 in Spellcasting
  3605 | D:4      | Reached XP level 5. HP: 24/24 MP: 3/13
  4214 | D:4      | Found a runed translucent door.
  4215 | D:4      | Noticed Crazy Yiuf
  4323 | D:4      | Killed Crazy Yiuf
  4556 | D:5      | Entered Level 5 of the Dungeon
  4806 | D:5      | Reached XP level 6. HP: 19/28 MP: 8/15
  5340 | D:5      | Noticed a water moccasin
  5370 | D:5      | Killed a water moccasin
  5382 | D:5      | Reached XP level 7. HP: 26/32 MP: 6/18
  6503 | D:6      | Found an opulent altar of Gozag.
  7208 | D:6      | Reached XP level 8. HP: 36/36 MP: 21/21
  8556 | D:6      | Found a radiant altar of Vehumet.
  8908 | D:7      | Reached skill level 5 in Stealth
  9309 | D:7      | Found Reudwuxa's General Store.
  9324 | D:7      | Found a staircase to the Ecumenical Temple.
  9335 | Temple   | Entered the Ecumenical Temple
  9354 | Temple   | Became a worshipper of Dithmenos the Shadowed
  9602 | D:7      | Slain by a wyvern skeleton

Illustrated notes

Levels and vault maps discovered:
D:1:      saegor_arrival_simple_e, layout_rooms, serial_shops, shop
D:2:      layout_basic, hellmonk_ecumenical_altar_zigzags, kennysheep_path_1,
          chequers_serial_rivers_micro_d
D:3:      layout_loops_ring, general_overflow_altar
D:4:      cheibrodos_pilgrimage, layout_loops_cross, minivault_27,
          uniq_crazy_yiuf_cottage
D:5:      layout_rooms
D:6:      layout_gridville, nicolae_gozag_cash_rules_everything_around_me,
          marbit_many_paths
D:7:      layout_rooms, lightli_temple_of_fire, minmay_temple_entry_waves,
          serial_shops, shop, serial_bayou_pond_a, uniq_harold
Temple:   eino_wide_crystal_templ

Skill      XL: |  1  2  3  4  5  6  7  8 |
---------------+-------------------------+-----
Spellcasting   | 3 4 5 6 8 9 |  9.0
Hexes          | 4 5 6 7 8 9 |  9.3
Stealth        | 9 |  9.9
Short Blades   | |  1.1
Dodging        | |  2.6

Action                   |  1- 3 |  4- 6 |  7- 9 || total
-------------------------+-------+-------+-------++-------
Melee: Dagger            |   100 |   162 |   388 ||   650
 Cast: Ensorcelled Hiber |    15 |    44 |    36 ||    95
       Tukima's Dance    |     4 |     6 |     1 ||    11
       Dazzling Flash    |       |     1 |     3 ||     4
Evoke: Wand              |       |       |     6 ||     6
  Use: Scroll            |     5 |     4 |     4 ||    13
       Potion            |       |       |     1 ||     1
 Stab: Sleeping          |    15 |    25 |    20 ||    60
       Invisible         |       |     1 |     1 ||     2
       Distracted        |       |       |     2 ||     2
Armor: Robe              |     9 |    48 |   140 ||   197
Dodge: Dodged            |    58 |   146 |   366 ||   570

Table legend: (Time is in decaauts)
 A = Elapsed time spent in this place.
 B = Non-inter-level travel time spent in this place.
 C = Inter-level travel time spent in this place.
 D = Time resting spent in this place.
 E = Time spent auto-exploring this place.
 F = Levels seen in this place.
 G = Mean time per level.
                   A        B        C        D        E       F      G
               +--------+--------+--------+--------+--------+-----+--------+
         Total |   7878 |   7750 |    128 |    656 |   5736 |   8 |  984.8 |
       Dungeon |   7861 |   7738 |    123 |    656 |   5733 |   7 | 1123.0 |
        Temple |     17 |     13 |      4 |      0 |      3 |   1 |   17.0 |
               +--------+--------+--------+--------+--------+-----+--------+

Top non-repeatable levels by time:
     D:6: 1935 daAuts
     D:2: 1394 daAuts
     D:4: 1271 daAuts
     D:5: 1233 daAuts
     D:3: 681 daAuts
     D:7: 675 daAuts
     D:1: 670 daAuts
  Temple: 17 daAuts
